 Dungeon Crawl Stone Soup version 0.31.0-1-g2c135a008e (webtiles) character file.

Game seed: 16802409452024101972

21 qw the Shooter (level 3, -2/28 HPs)
             Began as a Djinni Hunter on Jan 23, 2024.
             Killed by divine providence
             ... invoked by an orc priest
              (11 damage)
             ... on level 2 of the Dungeon.
             The game lasted 00:00:02 (1029 turns).

qw the Shooter (Djinni Hunter)                      Turns: 1029, Time: 00:00:03

Health: -2/28      AC:  5    Str: 10    XL:     3   Next: 2%
Gold:   63         EV: 11    Int: 10    God:
                   SH:  0    Dex: 18

rFire   + + .        a - +0 shortbow
rCold   x . .        (shield currently unavailable)
rNeg    + . .        i - +0 ring mail
rPois   inf          (no helmet)
rElec   .            (no cloak)
rCorr   .            (no gloves)
SInv    .            (boots unavailable)
Will    .....        (no amulet)
Stlth   +            e - ring of positive energy
HPRegen 0.24/turn    (no ring)
MPRegen 0.00/turn

%: infuse magic (-3 HP)
@: flying
A: sickness immunity, fire resistance 2, cold vulnerability 1, float, innate
caster, HP casting, extra vitality 1
a: no special abilities


You were on level 2 of the Dungeon.
You visited 1 branch of the dungeon, and saw 2 of its levels.

You collected 111 gold pieces.
You spent 48 gold pieces at shops.


Innate Abilities, Weirdness & Mutations

You are immune to sickness and miasma.
You are immune to poison.
Your flesh is very heat resistant. (rF++)
You are vulnerable to cold. (rC-)
You float through the air rather than walking.
You learn spells naturally, not from books.
Your magical power is your life essence.
You have superior vitality. (+4 MHP)


   Skills:
 - Level 2.0 Fighting
 - Level 4.0 Ranged Weapons
 + Level 0.0 Armour
 - Level 2.1 Dodging
 - Level 0.7 Stealth


You knew the following spells:

 Your Spells              Type           Power      Damage    Failure   Level
a - Sting                 Conj/Alch      0%         1d3       69%         1
Your spell library was empty.

Inventory:

Hand Weapons
 a - a +0 shortbow (weapon)
Armour
 i - a +0 ring mail (worn)
Jewellery
 e - a ring of positive energy (left hand)
Scrolls
 b - a scroll of teleportation {unknown}
Potions
 d - a potion of curing
 f - a potion of mutation {unknown}

Dungeon Overview and Level Annotations

Branches:
Dungeon (2/15)

Altars:

Shops:
D:1 [

Annotations:
D:1 1 transporter


Message History

The orc shouts!
The orc priest shouts!
The orc shouts!
A kobold comes into view. It is wielding a +0 dagger.
You shoot an arrow. The arrow barely misses the orc priest.
The kobold shouts!
You shoot an arrow.
The arrow hits the orc priest but does no damage.
The orc priest looks encouraged for a moment.
You shoot an arrow. The arrow hits the orc.
The orc is almost dead.
The orc priest calls upon Beogh to heal the orc.
The orc's wounds heal themselves!
An orc comes into view. It is wielding a +0 club.
The orc priest miscasts a cantrip.
The orc shouts!
You hear a shout!
You shoot an arrow. The arrow hits the orc.
The orc is moderately wounded.
You shoot an arrow. The arrow completely misses the orc.
The arrow hits the orc priest.
The orc priest is moderately wounded.
An orc comes into view. It is wielding a +0 flail.
The orc barely misses you. The orc hits you but does no damage.
1025 ||| RETREEEEATING.
The orc priest calls down the wrath of Beogh upon you.
Beogh smites you!
Ouch! That really hurt!
The kobold throws a stone.
The stone closely misses you. The orc attacks as it pursues you!
The orc hits you but does no damage.
1026 ||| RETREEEEATING.
The orc attacks as it pursues you! The orc hits you with a +0 dagger.
You shoot an arrow. The arrow hits the orc.
The orc is heavily wounded.
The orc barely misses you.
You shoot an arrow. The arrow completely misses the orc.
The kobold hits you with a +0 dagger. The orc hits you but does no damage.
You shoot an arrow. The arrow barely misses the orc.
The orc priest begins to cast a cantrip, but forgets the words!
The kobold hits you but does no damage. The orc hits you but does no damage.
The orc priest invokes the aid of Beogh against you.
Beogh smites you!
You die...

#.......#
.....o....
#.......#
..........
#.......#
.........
#.......#
....o.?..
#.......#
##+#........
#.......#
#...o.......
#.......# #....#
#.......#
#...K######..
#.......#
#...o@.......
#.......#
#...o#.####..
#.......###....#.#
#..............#.#
##########.....#.#
#.........
#.........
###.......
##......


You could see an orc priest, 2 orcs and a kobold.

Vanquished Creatures
  An endoplasm (D:1)
  3 goblins (D:1)
  A hobgoblin (D:1)
  4 kobolds (D:1)
  4 ball pythons (D:1)
  4 bats
  3 frilled lizards (D:1)
  3 rats (D:1)
23 creatures vanquished.

Notes
Turn   | Place    | Note
-------+----------+-------------------------------------------
     0 | D:1      | qw the Djinni Hunter began the quest for the Orb.
     0 | D:1      | Reached XP level 1. HP: 18/18 MP: 0/0
     0 | D:1      | 0 ||| qw: Version: 0.3-a-135-gb77e89d
     0 | D:1      | 0 ||| qw: Game counter: 880
     0 | D:1      | 0 ||| qw: Melee chars always use a shield: true
     0 | D:1      | 0 ||| qw: God list: Okawaru
     0 | D:1      | 0 ||| qw: Allow faded altars: false
     0 | D:1      | 0 ||| qw: Do Orc after clearing Dungeon:15 true
     0 | D:1      | 0 ||| qw: Do second Lair branch before Depths: true
     0 | D:1      | 0 ||| qw: Lair rune preference: random
     0 | D:1      | 0 ||| qw: Goals: Normal
     0 | D:1      | 0 ||| PLANNING D:1-11
    98 | D:1      | Found a faded altar of an unknown god.
   107 | D:1      | Reached XP level 2. HP: 23/23 MP: 0/0
   607 | D:1      | Found Hopeen's Armour Boutique.
   612 | D:1      | 612 ||| BUYING +0 ring mail (48 gold).
   612 | D:1      | Bought a +0 ring mail for 48 gold pieces
   689 | D:1      | Reached XP level 3. HP: 28/28 MP: 0/0
   689 | D:1      | Learned a level 1 spell: Sting
   921 | D:1      | 921 ||| UPGRADING to +0 ring mail.
   931 | D:1      | 931 ||| DROPPING +0 leather armour.
   932 | D:1      | 932 ||| UPGRADING to ring of positive energy.
   933 | D:1      | 933 ||| READING scroll labelled PUXERUN TUIMOT.
   933 | D:1      | 933 ||| IDENTIFYING lumpy emerald potion
   934 | D:1      | 934 ||| READING scroll labelled BOCZOT DEHUOSE.
   935 | D:1      | 935 ||| DROPPING scroll of butterflies.
  1012 | D:2      | Reached skill level 4 in Ranged Weapons
  1025 | D:2      | 1025 ||| RETREEEEATING.
  1026 | D:2      | 1026 ||| RETREEEEATING.
  1029 | D:2      | Killed from afar by an orc priest

Levels and vault maps discovered:
D:1:      spicycebolla_arrival_risky_transporter, layout_basic,
          hellmonk_ecumenical_altar_lost_god, serial_shops, shop
D:2:      cheibrodos_helix_gallery, layout_basic, serial_park_tiny_1,
          kennysheep_generic_room_3, uniq_natasha

Skill      XL: |  1  2  3 |
---------------+----------+-----
Ranged Weapons | 4 |  4.0
Fighting       | |  2.0
Dodging        | |  2.1
Stealth        | |  0.7

Action                     || total
---------------------------++-------
   Fire: Shortbow          ||    68
    Use: Scroll            ||     2
 Armour: Leather armour    ||    23
         Ring mail         ||     7
  Dodge: Dodged            ||    30

Table legend:
 A = Non-vault XP
 B = Vault XP
 C = Vault XP percentage of total XP
 D = Non-vault monster count
 E = Vault monster count
 F = Vault count percentage of total count
                 A         B        C        D         E       F
            +---------+---------+-------+---------+---------+-------
      Total |      30 |       0 |   0.0 |      23 |       0 |   0.0
            +---------+---------+-------+---------+---------+-------
        D:1 |      29 |       0 |   0.0 |      22 |       0 |   0.0
        D:2 |       1 |       0 |   0.0 |       1 |       0 |   0.0
            +---------+---------+-------+---------+---------+-------
